General information
- name: BNet
- type: Ladder team game (AT/RT)
- host: Battle.net
- saver: KODOS_FORSAKEN
map: Monsoon
- players: 6
- length: 27:35
- speed: Fast
- version: 1.21 W3XP
- replay type: Public
» download(201 KB)
Players
team 1 (loser)

»
come_mi_lena (
teal | 74 APM | 2016 actions | 27:24)
4 Demon Hunter
2 Mana Burn
2 Evasion
4 Pandaren Brewmaster
2 Breath of Fire
2 Drunken Haze
» actions
| Assign group hotkey | 16 | |
| Basic commands | 169 | |
| Build / train | 86 | |
| ESC pressed | 7 | |
| Enter build submenu | 33 | |
| Enter hero's abilities submenu | 8 | |
| Give item / drop item | 7 | |
| Right click | 607 | |
| Select / deselect | 542 | |
| Select group hotkey | 344 | |
| Use ability | 197 | |
2016 total
» units
| Wisp | 44 | |
| Druid of the Claw | 9 | |
| Dryad | 3 | |
56 total
» upgrades
| Druid of the Claw Training | 2 | |
| Mark of the Claw | 1 | |
3 total
» buildings
| Altar of Elders | 1 | |
| Moon Well | 5 | |
| Tree of Ages | 2 | |
| Hunter's Hall | 1 | |
| Ancient of Wonders | 1 | |
| Tree of Life | 4 | |
| Ancient Protector | 15 | |
| Tree of Eternity | 1 | |
| Ancient of Lore | 2 | |
32 total
» build order
00:05 Altar of Elders
00:16 Moon Well
01:23 Moon Well
07:11 Tree of Ages
07:11 Tree of Ages
08:16 Hunter's Hall
08:19 Moon Well
08:21 Ancient of Wonders
09:16 Tree of Life
09:29 Ancient Protector
09:32 Ancient Protector
09:34 Ancient Protector
10:27 Tree of Eternity
10:58 Ancient of Lore
11:07 Ancient of Lore
12:03 Ancient Protector
13:12 Moon Well
15:20 Ancient Protector
15:22 Ancient Protector
17:09 Ancient Protector
19:01 Moon Well
20:04 Tree of Life
23:18 Tree of Life
23:20 Ancient Protector
23:21 Ancient Protector
23:24 Ancient Protector
23:30 Ancient Protector
23:38 Ancient Protector
23:40 Ancient Protector
24:17 Tree of Life
24:48 Ancient Protector
24:52 Ancient Protector
» items
| Dust of Appearance | 3 | |
| Boots of Speed | 1 | |
| Staff of Teleportation | 1 | |
| Scroll of Healing | 2 | |
| Orb of Venom | 2 | |
| Potion of Healing | 1 | |
| Scroll of Town Portal | 2 | |
| Staff of Preservation | 1 | |
| Potion of Lesser Invulnerability | 1 | |
14 total

»
Maui (
orange | 49 APM | 1359 actions | 27:33)
3 Blademaster
2 Wind Walk
1 Critical Strike
» actions
| Assign group hotkey | 9 | |
| Basic commands | 87 | |
| Build / train | 47 | |
| Enter build submenu | 46 | |
| Enter hero's abilities submenu | 3 | |
| Give item / drop item | 3 | |
| Right click | 565 | |
| Select / deselect | 399 | |
| Select group hotkey | 109 | |
| Use ability | 90 | |
1359 total
» units
» buildings
| Altar of Storms | 1 | |
| Orc Burrow | 7 | |
| War Mill | 3 | |
| Watch Tower | 18 | |
| Stronghold | 1 | |
| Beastiary | 3 | |
| Voodoo Lounge | 1 | |
34 total
» build order
00:08 Altar of Storms
00:17 Orc Burrow
08:16 Orc Burrow
09:05 War Mill
10:37 War Mill
12:19 Watch Tower
12:21 Watch Tower
13:09 Watch Tower
13:11 Watch Tower
13:14 Orc Burrow
13:58 Watch Tower
14:45 Watch Tower
14:49 Watch Tower
14:54 Watch Tower
15:02 Watch Tower
16:15 Watch Tower
16:44 Watch Tower
16:47 Watch Tower
17:11 Watch Tower
19:05 Watch Tower
19:15 Watch Tower
19:19 Watch Tower
20:18 Stronghold
21:41 Watch Tower
21:45 War Mill
21:49 Orc Burrow
21:59 Watch Tower
22:42 Beastiary
22:57 Beastiary
23:00 Orc Burrow
23:03 Orc Burrow
23:21 Orc Burrow
23:44 Beastiary
23:53 Voodoo Lounge
» items
| Dust of Appearance | 1 | |
| Staff of Teleportation | 1 | |
| Boots of Speed | 1 | |
| Orb of Corruption | 1 | |
| Scroll of Town Portal | 1 | |
5 total

»
NoSNitchin (
blue | 173 APM | 4738 actions | 27:19)
6 Death Knight
3 Death Coil
2 Unholy Aura
1 Animate Dead
5 Lich
3 Frost Nova
2 Frost Armor
4 Pandaren Brewmaster
2 Breath of Fire
2 Drunken Haze
» actions
| Assign group hotkey | 44 | |
| Basic commands | 1 | |
| Build / train | 66 | |
| ESC pressed | 2 | |
| Enter build submenu | 27 | |
| Enter hero's abilities submenu | 17 | |
| Give item / drop item | 6 | |
| Right click | 2300 | |
| Select / deselect | 691 | |
| Select group hotkey | 1388 | |
| Use ability | 196 | |
4738 total
» units
| Acolyte | 6 | |
| Ghoul | 2 | |
| Crypt Fiend | 11 | |
| Obsidian Statue | 2 | |
| Frost Wyrm | 6 | |
27 total
» upgrades
| Creature Attack | 3 | |
| Burrow | 1 | |
| Creature Carapace | 3 | |
| Freezing Breath | 1 | |
| Web | 1 | |
9 total
» buildings
| Crypt | 3 | |
| Graveyard | 1 | |
| Halls of the Dead | 1 | |
| Ziggurat | 9 | |
| Altar of Darkness | 3 | |
| Tomb of Relics | 1 | |
| Nerubian Tower | 2 | |
| Black Citadel | 2 | |
| Sacrificial Pit | 1 | |
| Slaughterhouse | 1 | |
| Boneyard | 3 | |
| Spirit Tower | 2 | |
29 total
» build order
00:09 Crypt
00:19 Graveyard
00:40 Halls of the Dead
00:46 Ziggurat
01:32 Altar of Darkness
01:48 Crypt
01:51 Crypt
01:55 Tomb of Relics
01:57 Ziggurat
01:58 Ziggurat
02:49 Nerubian Tower
02:50 Nerubian Tower
03:35 Ziggurat
03:36 Ziggurat
03:37 Black Citadel
04:13 Sacrificial Pit
04:15 Slaughterhouse
05:16 Ziggurat
06:09 Boneyard
06:11 Boneyard
06:12 Boneyard
06:42 Spirit Tower
06:43 Spirit Tower
08:43 Ziggurat
08:43 Ziggurat
11:21 Ziggurat
17:57 Altar of Darkness
18:02 Altar of Darkness
» items
| Rod of Necromancy | 1 | |
| Orb of Corruption | 1 | |
2 total
team 2 (winner)

»
FFA_SEVEN (
pink | 71 APM | 1948 actions | 27:34)
5 Blademaster
3 Wind Walk
2 Critical Strike
» actions
| Assign group hotkey | 45 | |
| Basic commands | 16 | |
| Build / train | 67 | |
| Enter build submenu | 45 | |
| Enter hero's abilities submenu | 5 | |
| Give item / drop item | 5 | |
| Right click | 752 | |
| Select / deselect | 252 | |
| Select group hotkey | 636 | |
| Use ability | 125 | |
1948 total
» units
» upgrades
| Ranged Weapons | 3 | |
| Reinforced Defenses | 1 | |
| Liquid Fire | 1 | |
| Envenomed Spears | 1 | |
6 total
» buildings
| Altar of Storms | 1 | |
| Orc Burrow | 6 | |
| War Mill | 1 | |
| Watch Tower | 32 | |
| Voodoo Lounge | 1 | |
| Stronghold | 2 | |
| Beastiary | 3 | |
| Fortress | 1 | |
| Great Hall | 2 | |
49 total
» build order
00:05 Altar of Storms
00:07 Orc Burrow
00:50 War Mill
01:30 Orc Burrow
02:19 Watch Tower
02:19 Watch Tower
03:12 Watch Tower
03:13 Watch Tower
03:14 Watch Tower
03:39 Watch Tower
03:40 Watch Tower
04:00 Voodoo Lounge
04:42 Watch Tower
04:47 Watch Tower
05:42 Stronghold
05:48 Watch Tower
05:59 Watch Tower
08:08 Beastiary
08:08 Beastiary
08:09 Beastiary
08:16 Orc Burrow
08:16 Orc Burrow
08:17 Orc Burrow
08:35 Fortress
09:08 Great Hall
09:21 Watch Tower
09:22 Watch Tower
18:59 Watch Tower
19:01 Watch Tower
19:05 Watch Tower
19:07 Watch Tower
21:49 Watch Tower
21:49 Watch Tower
21:49 Watch Tower
21:50 Watch Tower
21:52 Watch Tower
21:52 Watch Tower
21:52 Watch Tower
21:53 Watch Tower
21:54 Watch Tower
21:55 Watch Tower
24:45 Great Hall
24:50 Orc Burrow
24:53 Watch Tower
24:54 Watch Tower
27:00 Watch Tower
27:01 Watch Tower
27:01 Watch Tower
» items
| Boots of Speed | 1 | |
| Staff of Teleportation | 1 | |
| Healing Salve | 3 | |
| Lesser Clarity Potion | 6 | |
| Scroll of Town Portal | 1 | |
| Orb of Lightning | 1 | |
| Potion of Mana | 1 | |
| Scroll of Healing | 1 | |
15 total
KODOS_FORSAKEN (
green | 100 APM | 2764 actions | 27:35)
6 Blademaster
3 Wind Walk
2 Critical Strike
1 Bladestorm
» actions
| Assign group hotkey | 291 | |
| Basic commands | 48 | |
| Build / train | 75 | |
| Enter build submenu | 39 | |
| Enter hero's abilities submenu | 6 | |
| Give item / drop item | 8 | |
| Right click | 1113 | |
| Select / deselect | 413 | |
| Select group hotkey | 616 | |
| Use ability | 154 | |
2764 total
» units
| Peon | 16 | |
| Troll Batrider | 12 | |
| Wind Rider | 3 | |
| Troll Witch Doctor | 3 | |
| Shaman | 4 | |
38 total
» upgrades
| Ranged Weapons | 1 | |
| Liquid Fire | 1 | |
| Reinforced Defenses | 1 | |
| Shaman Training | 2 | |
| Envenomed Spears | 1 | |
| Armor | 3 | |
| Witch Doctor Training | 2 | |
11 total
» buildings
| Altar of Storms | 2 | |
| Orc Burrow | 7 | |
| War Mill | 1 | |
| Watch Tower | 19 | |
| Stronghold | 1 | |
| Voodoo Lounge | 1 | |
| Beastiary | 4 | |
| Fortress | 1 | |
| Spirit Lodge | 2 | |
38 total
» build order
00:50 Altar of Storms
00:53 Altar of Storms
00:56 Orc Burrow
01:16 War Mill
02:39 Watch Tower
02:40 Watch Tower
03:07 Watch Tower
03:43 Watch Tower
03:57 Watch Tower
04:33 Stronghold
04:50 Watch Tower
05:24 Watch Tower
05:27 Orc Burrow
05:53 Watch Tower
06:04 Voodoo Lounge
06:15 Watch Tower
06:47 Orc Burrow
07:01 Beastiary
08:17 Beastiary
08:36 Fortress
09:20 Orc Burrow
09:46 Watch Tower
10:48 Watch Tower
12:13 Watch Tower
14:50 Watch Tower
15:16 Watch Tower
15:17 Watch Tower
15:23 Watch Tower
15:28 Watch Tower
16:13 Watch Tower
16:53 Beastiary
17:23 Watch Tower
18:29 Spirit Lodge
21:21 Spirit Lodge
22:08 Orc Burrow
22:28 Orc Burrow
23:09 Beastiary
25:58 Orc Burrow
» items
| Boots of Speed | 1 | |
| Circlet of Nobility | 1 | |
| Staff of Teleportation | 1 | |
| Lesser Clarity Potion | 4 | |
| Healing Salve | 3 | |
| Potion of Mana | 2 | |
| Scroll of Town Portal | 1 | |
| Orb of Lightning | 1 | |
| Tiny Great Hall | 1 | |
| Dust of Appearance | 1 | |
| Scroll of Healing | 1 | |
17 total

»
YoureATowel (
red | 44 APM | 1221 actions | 27:34)
3 Blademaster
2 Wind Walk
1 Critical Strike
2 Shadow Hunter
1 Hex
1 Healing Wave
» actions
| Assign group hotkey | 8 | |
| Basic commands | 3 | |
| Build / train | 66 | |
| Enter build submenu | 51 | |
| Enter hero's abilities submenu | 5 | |
| Give item / drop item | 2 | |
| Remove unit from queue | 2 | |
| Right click | 576 | |
| Select / deselect | 216 | |
| Select group hotkey | 204 | |
| Use ability | 88 | |
1221 total
» units
| Peon | 21 | |
| Troll Batrider | 1 | |
| Wind Rider | 6 | |
28 total
» upgrades
| Reinforced Defenses | 1 | |
| Envenomed Spears | 1 | |
| Ranged Weapons | 0 | |
| Armor | 3 | |
5 total
» buildings
| Altar of Storms | 1 | |
| Orc Burrow | 10 | |
| War Mill | 1 | |
| Watch Tower | 30 | |
| Voodoo Lounge | 2 | |
| Stronghold | 2 | |
| Fortress | 1 | |
| Beastiary | 6 | |
53 total
» build order
00:11 Altar of Storms
00:12 Orc Burrow
01:00 War Mill
01:30 Orc Burrow
02:38 Watch Tower
02:39 Watch Tower
02:46 Watch Tower
03:02 Watch Tower
03:03 Watch Tower
03:34 Watch Tower
03:35 Watch Tower
04:44 Voodoo Lounge
04:47 Watch Tower
04:49 Watch Tower
04:51 Watch Tower
04:54 Watch Tower
04:57 Watch Tower
06:07 Stronghold
06:07 Stronghold
08:27 Watch Tower
08:28 Watch Tower
08:29 Watch Tower
08:30 Watch Tower
08:30 Watch Tower
08:33 Watch Tower
08:38 Fortress
09:06 Beastiary
09:07 Beastiary
09:19 Beastiary
09:24 Watch Tower
09:25 Watch Tower
09:28 Watch Tower
09:59 Watch Tower
10:01 Watch Tower
12:05 Watch Tower
12:09 Watch Tower
12:16 Watch Tower
13:02 Watch Tower
13:02 Watch Tower
13:07 Watch Tower
13:08 Watch Tower
13:48 Orc Burrow
13:49 Orc Burrow
13:55 Orc Burrow
14:48 Orc Burrow
20:28 Orc Burrow
20:29 Orc Burrow
22:08 Beastiary
22:09 Beastiary
22:10 Beastiary
22:17 Voodoo Lounge
23:54 Orc Burrow
23:56 Orc Burrow
» items
| Boots of Speed | 1 | |
| Staff of Teleportation | 1 | |
| Healing Salve | 2 | |
| Lesser Clarity Potion | 1 | |
| Orb of Lightning | 1 | |
| Tiny Great Hall | 1 | |
| Scroll of Town Portal | 1 | |
| Potion of Mana | 2 | |
| Potion of Healing | 1 | |
11 total
Chat log
(00:37 / Allies) FFA_SEVEN: well if they are hackers we are fucked
(00:47 / Allies) KODOS_FORSAKEN: b
(01:12 / Allies) YoureATowel: what were they
(01:16 / Allies) FFA_SEVEN: i dunno
(01:20 / Allies) KODOS_FORSAKEN: same
(01:45 / Allies) KODOS_FORSAKEN: hes playing with 2 smurfs
(01:52 / Allies) KODOS_FORSAKEN: good chance 1 is hacking
(02:43 / Allies) FFA_SEVEN: definitely hacking
(02:47 / Allies) KODOS_FORSAKEN: gargs feed
(02:49 / Allies) FFA_SEVEN: garg feed too
(02:50 / Allies) KODOS_FORSAKEN: 2 dh
(02:55 / Allies) KODOS_FORSAKEN: or 1 orc
(03:10 / Allies) KODOS_FORSAKEN: no tower wall?
(03:12 / Allies) KODOS_FORSAKEN: jsut base
(04:15 / All) come_mi_lena: I KIL LU
(04:19 / All) FFA_SEVEN: shut up
(04:23 / All) come_mi_lena: U FIRST
(04:23 / All) NoSNitchin: lolumad?
(04:35 / All) FFA_SEVEN: no i love having to play against hackers every other game
(04:41 / All) NoSNitchin: LOL
(04:43 / All) come_mi_lena: how we hacking?
(04:56 / All) NoSNitchin: EVEN PPL WHO HATE ME KNOW I DONT HACK
(05:01 / All) KODOS_FORSAKEN: or faggot feeders
(05:07 / All) KODOS_FORSAKEN: with 0 skill
(05:08 / All) NoSNitchin: UR PROTOCOLING NERD
(05:15 / All) FFA_SEVEN: you haven't scouted us
(05:16 / All) come_mi_lena: proto = skillzzz
(05:19 / All) come_mi_lena: ya
(05:20 / All) come_mi_lena: we did
(05:22 / All) NoSNitchin: YES
(05:24 / All) YoureATowel: thanks for proving you hack
(05:25 / All) FFA_SEVEN: you saw a single tower
(05:25 / All) NoSNitchin: A HERO
(05:26 / All) NoSNitchin: SAW
(05:28 / All) NoSNitchin: UR TOWER
(05:29 / All) come_mi_lena: well
(05:31 / All) come_mi_lena: tri bm rass
(05:33 / All) come_mi_lena: w/ no grunts
(05:35 / All) come_mi_lena: as well
(05:36 / All) YoureATowel: change your story
(05:37 / All) NoSNitchin: FROM PASSING BY
(05:38 / All) NoSNitchin: UR BASE
(05:41 / All) NoSNitchin: WANT A SCREENSHOT
(05:42 / All) come_mi_lena: lol
(05:43 / All) NoSNitchin: OF M SCREEN?
(05:48 / All) NoSNitchin: I SEE 1 TOWER
(05:49 / All) YoureATowel: u see 1 tower
(05:51 / All) NoSNitchin: FRMO A HEROS VIEW
(05:56 / All) NoSNitchin: AND MASS FOG
(05:57 / All) come_mi_lena: ya generally if
(06:01 / All) come_mi_lena: i see 1 tower that far
(06:11 / All) FFA_SEVEN: and protocol is relying on undead
(06:13 / All) YoureATowel: because people build 1 tower out there
(06:14 / All) FFA_SEVEN: which is what you are doing
(06:15 / All) YoureATowel: all the time
(06:17 / All) YoureATowel: its a common strat
(06:20 / All) YoureATowel: that 1 tower is unstoppable
(06:24 / Allies) FFA_SEVEN: let's all go to the orc
(06:27 / Allies) KODOS_FORSAKEN: brt
(06:30 / Allies) FFA_SEVEN: control
(06:44 / Allies) FFA_SEVEN: he's massing fiends
(06:46 / All) YoureATowel: that 1 tower just dominated teal when he assualted my base
(06:50 / Allies) KODOS_FORSAKEN: just run aorund
(06:52 / Allies) KODOS_FORSAKEN: with 3 bats
(06:54 / All) come_mi_lena: ya
(06:55 / Allies) KODOS_FORSAKEN: he cant 3 places at once
(06:56 / All) YoureATowel: fucking dumbasses
(07:01 / All) YoureATowel: look at teal
(07:03 / All) YoureATowel: right place
(07:04 / All) YoureATowel: right time
(07:05 / All) YoureATowel: amazing
(07:09 / All) NoSNitchin: CRY ME A RIVER
(07:11 / All) NoSNitchin: WE DONT HACK
(07:13 / All) YoureATowel: hack me a river
(07:14 / All) YoureATowel: niggers
(07:23 / Allies) KODOS_FORSAKEN: burrow
(08:23 / Allies) KODOS_FORSAKEN: go b again
(08:28 / Allies) KODOS_FORSAKEN: clear
(09:03 / Allies) KODOS_FORSAKEN: wyrmns
(09:16 / Allies) FFA_SEVEN: as long as the orc doesn't get bats it's fine
(10:26 / Allies) KODOS_FORSAKEN: hes just mass creeping
(10:27 / Allies) KODOS_FORSAKEN: faggot undead
(11:23 / Allies) KODOS_FORSAKEN: 100 wood
(11:25 / Allies) KODOS_FORSAKEN: if u got
(12:24 / All) NoSNitchin: hey i can play the same game guys
(12:28 / All) NoSNitchin: howd u know that expo was there?
(12:41 / All) YoureATowel: except ur teamates hack
(12:42 / All) FFA_SEVEN: only hackers say stupid shit like that really
(12:44 / All) NoSNitchin: right
(12:49 / All) NoSNitchin: every1 knows kodos hacks
(12:58 / All) FFA_SEVEN: oh there it is
(13:00 / All) KODOS_FORSAKEN: 22
(13:02 / All) FFA_SEVEN: the ol
(13:05 / All) FFA_SEVEN: EVEYRONE HACKS SO I DO TOO
(13:07 / Allies) FFA_SEVEN: he doesn't have web
(13:08 / Allies) FFA_SEVEN: finish
(13:10 / Allies) KODOS_FORSAKEN: ahah
(13:14 / Allies) KODOS_FORSAKEN: dont he might get
(13:14 / All) NoSNitchin: wat are u talking about
(13:27 / All) come_mi_lena: thinking out loud again?
(14:06 / Allies) KODOS_FORSAKEN: bat
(14:11 / Allies) FFA_SEVEN: bears lol
(15:41 / Allies) KODOS_FORSAKEN: you 2 send bats
(16:58 / Allies) KODOS_FORSAKEN: gold
(18:08 / Allies) YoureATowel: peon
(18:38 / Allies) KODOS_FORSAKEN: wood
(19:02 / Allies) KODOS_FORSAKEN: to many
(19:24 / All) YoureATowel: poor orange cant even handle keeping 1 hero alive
(19:39 / All) Maui: how good
(19:42 / All) Maui: would u be without mh?
(19:47 / All) KODOS_FORSAKEN: ol
(19:52 / All) Maui: kodos
(19:55 / All) Maui: ur a little cock
(19:59 / All) KODOS_FORSAKEN: u
(20:36 / Allies) FFA_SEVEN: hal;;
(20:42 / Allies) KODOS_FORSAKEN: o hi
(21:13 / Allies) YoureATowel: wow
(21:14 / Allies) KODOS_FORSAKEN: lust time
(21:22 / Allies) YoureATowel: u guys got me raped
(21:25 / Allies) YoureATowel: i thought they were tping
(21:29 / All) FFA_SEVEN: idiot
(21:31 / Allies) KODOS_FORSAKEN: he tried
(21:46 / Allies) FFA_SEVEN: can't wait for disc hack
(22:49 / Allies) KODOS_FORSAKEN: to many
(22:50 / Allies) KODOS_FORSAKEN: b
(22:50 / Allies) KODOS_FORSAKEN: b
(22:51 / Allies) KODOS_FORSAKEN: b
(23:22 / All) NoSNitchin: ye
(23:23 / Allies) KODOS_FORSAKEN: brb
(23:24 / All) NoSNitchin: lets go toward my fiends
(23:26 / All) NoSNitchin: that just went out
(23:33 / All) FFA_SEVEN: yeah i know right
(23:47 / All) NoSNitchin: oh
(23:48 / All) NoSNitchin: and go bak
(23:53 / All) KODOS_FORSAKEN: had to get dust
(24:06 / All) NoSNitchin: love how u left my base to go to teal when my fiends ran btw
(24:13 / All) KODOS_FORSAKEN: shut the fuck up faggot
(24:14 / All) FFA_SEVEN: no one cares
(24:17 / All) KODOS_FORSAKEN: shut the fuck up and get fed more
(24:18 / All) YoureATowel: actually they went to orange
(24:20 / All) NoSNitchin: kodos i just proved u mh
(24:22 / All) NoSNitchin: give it up
(24:24 / All) YoureATowel: and got raped by 500 towers
(24:25 / All) KODOS_FORSAKEN: no
(24:32 / Allies) FFA_SEVEN: wood
(24:41 / All) NoSNitchin: u think ig ive a shit about this game? rofl
(24:46 / All) KODOS_FORSAKEN: I THINK YOU DO
(24:47 / All) FFA_SEVEN: obviously
(24:48 / All) YoureATowel: u hack so you clearly do
(24:49 / All) KODOS_FORSAKEN: SINCE YOU FED
(24:51 / All) NoSNitchin: right
(24:54 / All) NoSNitchin: feeding is fun
(24:57 / All) NoSNitchin: how does that make us care
(25:00 / All) NoSNitchin: if we cared wed be elf elf ud
(25:04 / All) KODOS_FORSAKEN: hahaaahha
(25:24 / All) FFA_SEVEN: i love hearing maphackers talk
(25:28 / All) YoureATowel: except for neneud u cant have the worst players on bnet like orange
(25:28 / All) Maui: ur the mher
(25:29 / All) Maui: Lol
(25:29 / All) YoureATowel: and still win
(25:29 / All) FFA_SEVEN: they talk about not caring
(25:31 / All) FFA_SEVEN: when they hack
(25:31 / All) NoSNitchin: u should cuz u mh rofl
(25:34 / All) KODOS_FORSAKEN: lol
(25:45 / All) NoSNitchin: u all know kodos hacks
(25:47 / All) KODOS_FORSAKEN: ok
(26:09 / All) KODOS_FORSAKEN: leave faggot
(26:14 / All) YoureATowel: lol
(26:19 / All) YoureATowel: like they arent going to tie hack us
(26:20 / All) FFA_SEVEN: KEEPING WYRMS ALIVE IS HARD
(26:23 / All) KODOS_FORSAKEN: COIL NOVA GOGOGO
(26:45 / All) FFA_SEVEN: ahhahahahaah
(26:46 / All) KODOS_FORSAKEN: o hi
(26:59 / Allies) KODOS_FORSAKEN: lets rape him
(27:04 / All) FFA_SEVEN: time to remake those towers
(27:17 / All) NoSNitchin: well
(27:18 / All) NoSNitchin: gg hackers
(27:21 / All) KODOS_FORSAKEN: hahaha
(27:22 / All) FFA_SEVEN: what?
(27:23 / All) FFA_SEVEN: no disc hack?
(27:26 / All) FFA_SEVEN: i'm dissappointed